 Dungeon Crawl Stone Soup version 0.31-a0-210-gccc998df9b (webtiles) character file.

Game seed: 7245941375637467261

1327 qw the Cleaver (level 8, -1/50 HPs)
             Began as a Gargoyle Fighter on June 30, 2023.
             Killed from afar by Maggie (20 damage)
             ... with a bolt of fire
             ... on level 6 of the Dungeon.
             The game lasted 00:04:28 (5136 turns).

qw the Cleaver (Gargoyle Fighter)                   Turns: 5136, Time: 00:04:28

Health: -1/50      AC: 20    Str: 21    XL:     8   Next: 60%
Magic:  8/8        EV:  6    Int: 10    God:
Gold:   186        SH:  4    Dex:  9    Spells: 7/7 levels left

rFire   . . .        Y - +0 war axe
rCold   . . .        c - +0 buckler
rNeg    + . .        k - +0 plate armour
rPois   inf          h - +2 helmet
rElec   +            (no cloak)
rCorr   .            (no gloves)
SInv    .            (no boots)
Will    .....        j - amulet of the acrobat Stlth
                     (no ring)
HPRegen 0.28/turn    (no ring)
MPRegen 0.11/turn

%: acrobat
@: no status effects
A: sickness immunity, AC +5, negative energy resistance 1, electricity
resistance, torment resistance 1, petrification resistance
a: no special abilities


You were on level 6 of the Dungeon.
You visited 1 branch of the dungeon, and saw 6 of its levels.

You collected 186 gold pieces.


Innate Abilities, Weirdness & Mutations

You are immune to sickness and miasma.
Your stone body is resilient. (AC +5)
You are immune to poison.
You resist negative energy. (rN+)
You are resistant to electric shocks. (rElec)
You are resistant to unholy torment.
You are immune to petrification.


   Skills:
 + Level 5.6 Fighting
 - Level 8.2 Axes
 - Level 0.8 Throwing
 - Level 4.0 Armour
 - Level 1.3 Dodging
 - Level 3.2 Shields


You had 7 spell levels left.
You didn't know any spells.
Your spell library was empty.

Inventory:

Hand Weapons
 e - a +0 flail
 Y - a +0 war axe (weapon)
Armour
 c - a +0 buckler (worn)
 h - a +2 helmet (worn)
 k - a +0 plate armour (worn)
Jewellery
 j - an amulet of the acrobat (around neck)
Scrolls
 a - a scroll of identify
Potions
 b - a potion of haste
 d - a potion of might
 f - 2 potions of heal wounds
 g - a potion of curing
 i - a potion of attraction {unknown}
 l - a potion of brilliance {unknown}

Dungeon Overview and Level Annotations

Branches:
Dungeon (6/15)
 Temple: D:4-7

Altars:

Annotations:
D:6 exclusion: centaur, Maggie


Message History

5124 ||| Stepping ~*~*~tactically~*~*~ (hiding).
You start waiting.
A steam dragon is nearby!
The steam dragon misses you.
The steam dragon claws you but does no damage.
You closely miss the steam dragon. The steam dragon breathes steam at you.
The ball of steam hits you!
You hear a shout!
You barely miss the steam dragon.
You are engulfed in a cloud of scalding steam.
The steam dragon bites you but does no damage.
You block the steam dragon's attack.
You barely miss the steam dragon.
You are engulfed in a cloud of scalding steam.
Maggie the Vainglorious comes into view.
She is wielding a +3 broad axe of flaming.
The steam dragon closely misses you. The steam dragon claws you.
The steam dragon breathes steam at you.
The ball of steam hits you but does no damage.
You completely miss the steam dragon. The steam dragon closely misses you.
The steam dragon claws you but does no damage.
You closely miss the steam dragon.
The steam dragon bites you but does no damage.
The steam dragon barely misses you.
You hit the steam dragon.
The steam dragon is lightly wounded.
You block the steam dragon's attack. The steam dragon claws you.
You slash the steam dragon!
The steam dragon is moderately wounded.
The steam dragon breathes steam at you. The ball of steam hits you!
You hit the steam dragon.
The steam dragon is heavily wounded.
You are engulfed in a cloud of scalding steam.
The steam dragon completely misses you.
The steam dragon claws you but does no damage.
Maggie points at you and mumbles some strange words.
The bolt of fire hits you!!
You die...

#...############.
##.## ## #.# #
#.# # .
########.# # ..
.........# #~~
...#####.## .c~.
.....@¤¤##
#~~...######@#
......####.D.#
....D..$...###
#.....####...#
..##. ###.# # .#
#


You could see Maggie and a steam dragon (catching breath).

Vanquished Creatures
  Grinder (D:5)
  A steam dragon (D:4)
  A sky beast (D:6)
  2 ice beasts (D:5)
  A centaur (D:4)
  2 scorpions
  2 hounds (D:6)
  Ijyb (D:3)
  An orc priest (D:5)
  2 sleepcaps
  3 iguanas
  3 orc wizards
  Robin (D:3)
  6 adders
  A river rat (D:3)
  A white imp (D:5)
  3 worms
  6 dart slugs
  9 orcs
  6 endoplasms
  3 giant cockroaches
  22 goblins
  8 hobgoblins
  4 jackals (D:3)
  7 quokkas
  5 ball pythons
  2 bats
  2 frilled lizards
  7 kobolds
  6 rats
119 creatures vanquished.

Notes
Turn   | Place    | Note
-------+----------+-------------------------------------------
     0 | D:1      | qw the Gargoyle Fighter began the quest for the Orb.
     0 | D:1      | Reached XP level 1. HP: 14/14 MP: 1/1
     0 | D:1      | 0 ||| qw: Version: 0.3-a-26-gee661ec
     0 | D:1      | 0 ||| qw: Game counter: 7261
     0 | D:1      | 0 ||| qw: Melee chars always use a shield: true
     0 | D:1      | 0 ||| qw: God list: Okawaru
     0 | D:1      | 0 ||| qw: Allow faded altars: false
     0 | D:1      | 0 ||| qw: Do Orc after clearing Dungeon:15 true
     0 | D:1      | 0 ||| qw: Do second Lair branch before Depths: true
     0 | D:1      | 0 ||| qw: Lair rune preference: random
     0 | D:1      | 0 ||| qw: Goals: Normal, Zot:1-4, Slime:5, God:TSO, Crypt,
                  | Tomb, Abyss, Pan, Hells, Win
     0 | D:1      | 0 ||| PLANNING D:1-11
    62 | D:1      | Reached skill level 2 in Axes
    98 | D:1      | Reached XP level 2. HP: 19/19 MP: 2/2
   309 | D:1      | 309 ||| DROPPING +0 club.
   668 | D:1      | 668 ||| DROPPING +0 whip.
   669 | D:1      | 669 ||| READING scroll labelled XIEMMA CUFON.
   670 | D:1      | 670 ||| READING scroll labelled TOIQYC RALIETO.
   705 | D:2      | Reached skill level 3 in Axes
   764 | D:2      | Reached XP level 3. HP: 23/23 MP: 3/3
   941 | D:2      | Reached XP level 4. HP: 28/28 MP: 4/4
  1155 | D:2      | 1155 ||| READING 3 scrolls labelled VOBRUU TIOTH.
  1156 | D:2      | 1156 ||| READING scroll labelled VOC UQEUXI.
  1157 | D:2      | 1157 ||| READING scroll labelled QULOEC YCYRGHA.
  1258 | D:2      | 1258 ||| DRINKING 2 amethyst potions.
  1259 | D:2      | 1259 ||| DROPPING potion of degeneration.
  1287 | D:3      | 1287 ||| PLANNING SEWER
  1287 | D:3      | 1287 ||| Stepping ~*~*~tactically~*~*~ (hiding).
  1288 | D:3      | 1288 ||| Stepping ~*~*~tactically~*~*~ (stealth).
  1289 | D:3      | 1289 ||| Stepping ~*~*~tactically~*~*~ (hiding).
  1296 | D:3      | Reached skill level 4 in Axes
  1301 | D:3      | Noticed Robin
  1333 | D:3      | Killed Robin
  1363 | D:3      | 1363 ||| FLEEEEING.
  1364 | D:3      | 1364 ||| STAIRDANCE
  1425 | D:3      | 1425 ||| FLEEEEING.
  1545 | D:3      | Reached XP level 5. HP: 32/32 MP: 5/5
  1566 | D:3      | Found a glowing drain.
  1579 | D:3      | 1579 ||| UPGRADING to +0 chain mail.
  1589 | D:3      | 1589 ||| DROPPING +0 scale mail.
  1590 | D:3      | 1590 ||| UPGRADING to +0 helmet.
  1595 | D:3      | 1595 ||| READING 2 scrolls of enchant armour.
  1595 | D:3      | 1595 ||| ENCHANTING +0 helmet.
  1596 | D:3      | 1596 ||| READING scroll of enchant armour.
  1596 | D:3      | 1596 ||| ENCHANTING +1 helmet.
  1597 | D:3      | 1597 ||| READING scroll labelled ILALAS GAUVALL.
  1601 | D:3      | 1601 ||| Stepping randomly (stuck).
  1602 | D:3      | 1602 ||| Stepping randomly (stuck).
  1603 | D:3      | 1603 ||| Stepping randomly (stuck).
  1604 | D:3      | 1604 ||| Stepping randomly (stuck).
  1605 | D:3      | 1605 ||| Stepping randomly (stuck).
  1606 | D:3      | 1606 ||| Stepping randomly (stuck).
  1607 | D:3      | 1607 ||| Stepping randomly (stuck).
  1608 | D:3      | 1608 ||| Stepping randomly (stuck).
  1609 | D:3      | 1609 ||| Stepping randomly (stuck).
  1610 | D:3      | 1610 ||| Stepping randomly (stuck).
  1611 | D:3      | 1611 ||| Stepping randomly (stuck).
  1612 | D:3      | 1612 ||| Stepping randomly (stuck).
  1613 | D:3      | 1613 ||| Stepping randomly (stuck).
  1614 | D:3      | 1614 ||| Stepping randomly (stuck).
  1615 | D:3      | 1615 ||| Stepping randomly (stuck).
  1616 | D:3      | 1616 ||| Stepping randomly (stuck).
  1617 | D:3      | 1617 ||| Stepping randomly (stuck).
  1618 | D:3      | 1618 ||| Stepping randomly (stuck).
  1619 | D:3      | 1619 ||| Stepping randomly (stuck).
  1620 | D:3      | 1620 ||| Stepping randomly (stuck).
  1621 | D:3      | 1621 ||| Stepping randomly (stuck).
  1622 | D:3      | 1622 ||| Stepping randomly (stuck).
  1623 | D:3      | 1623 ||| Stepping randomly (stuck).
  1624 | D:3      | 1624 ||| Stepping randomly (stuck).
  1625 | D:3      | 1625 ||| Stepping randomly (stuck).
  1626 | D:3      | 1626 ||| Stepping randomly (stuck).
  1627 | D:3      | 1627 ||| Stepping randomly (stuck).
  1628 | D:3      | 1628 ||| Stepping randomly (stuck).
  1629 | D:3      | 1629 ||| Stepping randomly (stuck).
  1630 | D:3      | 1630 ||| Stepping randomly (stuck).
  1631 | D:3      | 1631 ||| Stepping randomly (stuck).
  1632 | D:3      | 1632 ||| Stepping randomly (stuck).
  1633 | D:3      | 1633 ||| Stepping randomly (stuck).
  1634 | D:3      | 1634 ||| Stepping randomly (stuck).
  1635 | D:3      | 1635 ||| Stepping randomly (stuck).
  1636 | D:3      | 1636 ||| Stepping randomly (stuck).
  1637 | D:3      | 1637 ||| Stepping randomly (stuck).
  1638 | D:3      | 1638 ||| Stepping randomly (stuck).
  1639 | D:3      | 1639 ||| Stepping randomly (stuck).
  1640 | D:3      | 1640 ||| Stepping randomly (stuck).
  1641 | D:3      | 1641 ||| Stepping randomly (stuck).
  1642 | D:3      | 1642 ||| Stepping randomly (stuck).
  1643 | D:3      | 1643 ||| Stepping randomly (stuck).
  1644 | D:3      | 1644 ||| Stepping randomly (stuck).
  1645 | D:3      | 1645 ||| Stepping randomly (stuck).
  1646 | D:3      | 1646 ||| Stepping randomly (stuck).
  1647 | D:3      | 1647 ||| Stepping randomly (stuck).
  1648 | D:3      | 1648 ||| Stepping randomly (stuck).
  1649 | D:3      | 1649 ||| Stepping randomly (stuck).
  1650 | D:3      | 1650 ||| Stepping randomly (stuck).
  1651 | D:3      | 1651 ||| Stepping randomly (stuck).
  1652 | D:3      | 1652 ||| Stepping randomly (stuck).
  1653 | D:3      | 1653 ||| Stepping randomly (stuck).
  1654 | D:3      | 1654 ||| Stepping randomly (stuck).
  1655 | D:3      | 1655 ||| Stepping randomly (stuck).
  1656 | D:3      | 1656 ||| Stepping randomly (stuck).
  1657 | D:3      | 1657 ||| Stepping randomly (stuck).
  1658 | D:3      | 1658 ||| Stepping randomly (stuck).
  1659 | D:3      | 1659 ||| Stepping randomly (stuck).
  1660 | D:3      | 1660 ||| Stepping randomly (stuck).
  1661 | D:3      | 1661 ||| Stepping randomly (stuck).
  1662 | D:3      | 1662 ||| Stepping randomly (stuck).
  1663 | D:3      | 1663 ||| Stepping randomly (stuck).
  1664 | D:3      | 1664 ||| Stepping randomly (stuck).
  1665 | D:3      | 1665 ||| Stepping randomly (stuck).
  1666 | D:3      | 1666 ||| Stepping randomly (stuck).
  1667 | D:3      | 1667 ||| Stepping randomly (stuck).
  1668 | D:3      | 1668 ||| Stepping randomly (stuck).
  1669 | D:3      | 1669 ||| Stepping randomly (stuck).
  1670 | D:3      | 1670 ||| Stepping randomly (stuck).
  1671 | D:3      | 1671 ||| Stepping randomly (stuck).
  1672 | D:3      | 1672 ||| Stepping randomly (stuck).
  1673 | D:3      | 1673 ||| Stepping randomly (stuck).
  1674 | D:3      | 1674 ||| Stepping randomly (stuck).
  1675 | D:3      | 1675 ||| Stepping randomly (stuck).
  1676 | D:3      | 1676 ||| Stepping randomly (stuck).
  1677 | D:3      | 1677 ||| Stepping randomly (stuck).
  1678 | D:3      | 1678 ||| Stepping randomly (stuck).
  1679 | D:3      | 1679 ||| Stepping randomly (stuck).
  1680 | D:3      | 1680 ||| Stepping randomly (stuck).
  1681 | D:3      | 1681 ||| Stepping randomly (stuck).
  1682 | D:3      | 1682 ||| Stepping randomly (stuck).
  1683 | D:3      | 1683 ||| Stepping randomly (stuck).
  1684 | D:3      | 1684 ||| Stepping randomly (stuck).
  1685 | D:3      | 1685 ||| Stepping randomly (stuck).
  1686 | D:3      | 1686 ||| Stepping randomly (stuck).
  1687 | D:3      | 1687 ||| Stepping randomly (stuck).
  1688 | D:3      | 1688 ||| Stepping randomly (stuck).
  1689 | D:3      | 1689 ||| Stepping randomly (stuck).
  1690 | D:3      | 1690 ||| Stepping randomly (stuck).
  1691 | D:3      | 1691 ||| Stepping randomly (stuck).
  1692 | D:3      | 1692 ||| Stepping randomly (stuck).
  1693 | D:3      | 1693 ||| Stepping randomly (stuck).
  1694 | D:3      | 1694 ||| Stepping randomly (stuck).
  1695 | D:3      | 1695 ||| Stepping randomly (stuck).
  1696 | D:3      | 1696 ||| Stepping randomly (stuck).
  1697 | D:3      | 1697 ||| Stepping randomly (stuck).
  1698 | D:3      | 1698 ||| Stepping randomly (stuck).
  1699 | D:3      | 1699 ||| Stepping randomly (stuck).
  1700 | D:3      | 1700 ||| Stepping randomly (stuck).
  1701 | D:3      | 1701 ||| Stepping randomly (stuck).
  1702 | D:3      | 1702 ||| Stepping randomly (stuck).
  1703 | D:3      | 1703 ||| Stepping randomly (stuck).
  1704 | D:3      | 1704 ||| Stepping randomly (stuck).
  1705 | D:3      | 1705 ||| Stepping randomly (stuck).
  1706 | D:3      | 1706 ||| Stepping randomly (stuck).
  1707 | D:3      | 1707 ||| Stepping randomly (stuck).
  1708 | D:3      | 1708 ||| Stepping randomly (stuck).
  1709 | D:3      | 1709 ||| Stepping randomly (stuck).
  1710 | D:3      | 1710 ||| Stepping randomly (stuck).
  1711 | D:3      | 1711 ||| Stepping randomly (stuck).
  1712 | D:3      | 1712 ||| Stepping randomly (stuck).
  1713 | D:3      | 1713 ||| Stepping randomly (stuck).
  1714 | D:3      | 1714 ||| Stepping randomly (stuck).
  1715 | D:3      | 1715 ||| Stepping randomly (stuck).
  1716 | D:3      | 1716 ||| Stepping randomly (stuck).
  1717 | D:3      | 1717 ||| Stepping randomly (stuck).
  1718 | D:3      | 1718 ||| Stepping randomly (stuck).
  1719 | D:3      | 1719 ||| Stepping randomly (stuck).
  1720 | D:3      | 1720 ||| Stepping randomly (stuck).
  1721 | D:3      | 1721 ||| Stepping randomly (stuck).
  1722 | D:3      | 1722 ||| Stepping randomly (stuck).
  1723 | D:3      | 1723 ||| Stepping randomly (stuck).
  1724 | D:3      | 1724 ||| Stepping randomly (stuck).
  1725 | D:3      | 1725 ||| Stepping randomly (stuck).
  1726 | D:3      | 1726 ||| Stepping randomly (stuck).
  1727 | D:3      | 1727 ||| Stepping randomly (stuck).
  1728 | D:3      | 1728 ||| Stepping randomly (stuck).
  1729 | D:3      | 1729 ||| Stepping randomly (stuck).
  1730 | D:3      | 1730 ||| Stepping randomly (stuck).
  1731 | D:3      | 1731 ||| Stepping randomly (stuck).
  1732 | D:3      | 1732 ||| Stepping randomly (stuck).
  1733 | D:3      | 1733 ||| Stepping randomly (stuck).
  1734 | D:3      | 1734 ||| Stepping randomly (stuck).
  1735 | D:3      | 1735 ||| Stepping randomly (stuck).
  1736 | D:3      | 1736 ||| Stepping randomly (stuck).
  1737 | D:3      | 1737 ||| Stepping randomly (stuck).
  1738 | D:3      | 1738 ||| Stepping randomly (stuck).
  1739 | D:3      | 1739 ||| Stepping randomly (stuck).
  1740 | D:3      | 1740 ||| Stepping randomly (stuck).
  1741 | D:3      | 1741 ||| Stepping randomly (stuck).
  1742 | D:3      | 1742 ||| Stepping randomly (stuck).
  1743 | D:3      | 1743 ||| Stepping randomly (stuck).
  1744 | D:3      | 1744 ||| Stepping randomly (stuck).
  1745 | D:3      | 1745 ||| Stepping randomly (stuck).
  1746 | D:3      | 1746 ||| Stepping randomly (stuck).
  1747 | D:3      | 1747 ||| Stepping randomly (stuck).
  1748 | D:3      | 1748 ||| Stepping randomly (stuck).
  1749 | D:3      | 1749 ||| Stepping randomly (stuck).
  1750 | D:3      | 1750 ||| Stepping randomly (stuck).
  1751 | D:3      | 1751 ||| Stepping randomly (stuck).
  1752 | D:3      | 1752 ||| Stepping randomly (stuck).
  1753 | D:3      | 1753 ||| Stepping randomly (stuck).
  1754 | D:3      | 1754 ||| Stepping randomly (stuck).
  1755 | D:3      | 1755 ||| Stepping randomly (stuck).
  1756 | D:3      | 1756 ||| Stepping randomly (stuck).
  1757 | D:3      | 1757 ||| Stepping randomly (stuck).
  1758 | D:3      | 1758 ||| Stepping randomly (stuck).
  1759 | D:3      | 1759 ||| Stepping randomly (stuck).
  1760 | D:3      | 1760 ||| Stepping randomly (stuck).
  1761 | D:3      | 1761 ||| Stepping randomly (stuck).
  1762 | D:3      | 1762 ||| Stepping randomly (stuck).
  1763 | D:3      | 1763 ||| Stepping randomly (stuck).
  1764 | D:3      | 1764 ||| Stepping randomly (stuck).
  1765 | D:3      | 1765 ||| Stepping randomly (stuck).
  1766 | D:3      | 1766 ||| Stepping randomly (stuck).
  1767 | D:3      | 1767 ||| Stepping randomly (stuck).
  1768 | D:3      | 1768 ||| Stepping randomly (stuck).
  1769 | D:3      | 1769 ||| Stepping randomly (stuck).
  1770 | D:3      | 1770 ||| Stepping randomly (stuck).
  1771 | D:3      | 1771 ||| Stepping randomly (stuck).
  1772 | D:3      | 1772 ||| Stepping randomly (stuck).
  1773 | D:3      | 1773 ||| Stepping randomly (stuck).
  1774 | D:3      | 1774 ||| Stepping randomly (stuck).
  1775 | D:3      | 1775 ||| Stepping randomly (stuck).
  1776 | D:3      | 1776 ||| Stepping randomly (stuck).
  1777 | D:3      | 1777 ||| Stepping randomly (stuck).
  1778 | D:3      | 1778 ||| Stepping randomly (stuck).
  1779 | D:3      | 1779 ||| Stepping randomly (stuck).
  1780 | D:3      | 1780 ||| Stepping randomly (stuck).
  1781 | D:3      | 1781 ||| Stepping randomly (stuck).
  1782 | D:3      | 1782 ||| Stepping randomly (stuck).
  1783 | D:3      | 1783 ||| Stepping randomly (stuck).
  1784 | D:3      | 1784 ||| Stepping randomly (stuck).
  1785 | D:3      | 1785 ||| Stepping randomly (stuck).
  1786 | D:3      | 1786 ||| Stepping randomly (stuck).
  1787 | D:3      | 1787 ||| Stepping randomly (stuck).
  1788 | D:3      | 1788 ||| Stepping randomly (stuck).
  1789 | D:3      | 1789 ||| Stepping randomly (stuck).
  1790 | D:3      | 1790 ||| Stepping randomly (stuck).
  1791 | D:3      | 1791 ||| Stepping randomly (stuck).
  1792 | D:3      | 1792 ||| Stepping randomly (stuck).
  1793 | D:3      | 1793 ||| Stepping randomly (stuck).
  1794 | D:3      | 1794 ||| Stepping randomly (stuck).
  1795 | D:3      | 1795 ||| Stepping randomly (stuck).
  1796 | D:3      | 1796 ||| Stepping randomly (stuck).
  1797 | D:3      | 1797 ||| Stepping randomly (stuck).
  1798 | D:3      | 1798 ||| Stepping randomly (stuck).
  1799 | D:3      | 1799 ||| Stepping randomly (stuck).
  1800 | D:3      | 1800 ||| Stepping randomly (stuck).
  1801 | D:3      | 1801 ||| Stepping randomly (stuck).
  1802 | D:3      | 1802 ||| Stepping randomly (stuck).
  1803 | D:3      | 1803 ||| Stepping randomly (stuck).
  1804 | D:3      | 1804 ||| Stepping randomly (stuck).
  1805 | D:3      | 1805 ||| Stepping randomly (stuck).
  1806 | D:3      | 1806 ||| Stepping randomly (stuck).
  1807 | D:3      | 1807 ||| Stepping randomly (stuck).
  1808 | D:3      | 1808 ||| Stepping randomly (stuck).
  1809 | D:3      | 1809 ||| Stepping randomly (stuck).
  1810 | D:3      | 1810 ||| Stepping randomly (stuck).
  1811 | D:3      | 1811 ||| Stepping randomly (stuck).
  1812 | D:3      | 1812 ||| Stepping randomly (stuck).
  1813 | D:3      | 1813 ||| Stepping randomly (stuck).
  1814 | D:3      | 1814 ||| Stepping randomly (stuck).
  1815 | D:3      | 1815 ||| Stepping randomly (stuck).
  1816 | D:3      | 1816 ||| Stepping randomly (stuck).
  1817 | D:3      | 1817 ||| Stepping randomly (stuck).
  1818 | D:3      | 1818 ||| Stepping randomly (stuck).
  1819 | D:3      | 1819 ||| Stepping randomly (stuck).
  1820 | D:3      | 1820 ||| Stepping randomly (stuck).
  1821 | D:3      | 1821 ||| Stepping randomly (stuck).
  1822 | D:3      | 1822 ||| Stepping randomly (stuck).
  1823 | D:3      | 1823 ||| Stepping randomly (stuck).
  1824 | D:3      | 1824 ||| Stepping randomly (stuck).
  1825 | D:3      | 1825 ||| Stepping randomly (stuck).
  1826 | D:3      | 1826 ||| Stepping randomly (stuck).
  1827 | D:3      | 1827 ||| Stepping randomly (stuck).
  1828 | D:3      | 1828 ||| Stepping randomly (stuck).
  1829 | D:3      | 1829 ||| Stepping randomly (stuck).
  1830 | D:3      | 1830 ||| Stepping randomly (stuck).
  1831 | D:3      | 1831 ||| Stepping randomly (stuck).
  1832 | D:3      | 1832 ||| Stepping randomly (stuck).
  1833 | D:3      | 1833 ||| Stepping randomly (stuck).
  1834 | D:3      | 1834 ||| Stepping randomly (stuck).
  1835 | D:3      | 1835 ||| Stepping randomly (stuck).
  1836 | D:3      | 1836 ||| Stepping randomly (stuck).
  1837 | D:3      | 1837 ||| Stepping randomly (stuck).
  1838 | D:3      | 1838 ||| Stepping randomly (stuck).
  1839 | D:3      | 1839 ||| Stepping randomly (stuck).
  1840 | D:3      | 1840 ||| Stepping randomly (stuck).
  1841 | D:3      | 1841 ||| Stepping randomly (stuck).
  1842 | D:3      | 1842 ||| Stepping randomly (stuck).
  1843 | D:3      | 1843 ||| Stepping randomly (stuck).
  1844 | D:3      | 1844 ||| Stepping randomly (stuck).
  1845 | D:3      | 1845 ||| Stepping randomly (stuck).
  1846 | D:3      | 1846 ||| Stepping randomly (stuck).
  1847 | D:3      | 1847 ||| Stepping randomly (stuck).
  1848 | D:3      | 1848 ||| Stepping randomly (stuck).
  1849 | D:3      | 1849 ||| Stepping randomly (stuck).
  1850 | D:3      | 1850 ||| Stepping randomly (stuck).
  1851 | D:3      | 1851 ||| Stepping randomly (stuck).
  1852 | D:3      | 1852 ||| Stepping randomly (stuck).
  1853 | D:3      | 1853 ||| Stepping randomly (stuck).
  1854 | D:3      | 1854 ||| Stepping randomly (stuck).
  1855 | D:3      | 1855 ||| Stepping randomly (stuck).
  1856 | D:3      | 1856 ||| Stepping randomly (stuck).
  1857 | D:3      | 1857 ||| Stepping randomly (stuck).
  1858 | D:3      | 1858 ||| Stepping randomly (stuck).
  1859 | D:3      | 1859 ||| Stepping randomly (stuck).
  1860 | D:3      | 1860 ||| Stepping randomly (stuck).
  1861 | D:3      | 1861 ||| Stepping randomly (stuck).
  1862 | D:3      | 1862 ||| Stepping randomly (stuck).
  1863 | D:3      | 1863 ||| Stepping randomly (stuck).
  1864 | D:3      | 1864 ||| Stepping randomly (stuck).
  1865 | D:3      | 1865 ||| Stepping randomly (stuck).
  1866 | D:3      | 1866 ||| Stepping randomly (stuck).
  1867 | D:3      | 1867 ||| Stepping randomly (stuck).
  1868 | D:3      | 1868 ||| Stepping randomly (stuck).
  1869 | D:3      | 1869 ||| Stepping randomly (stuck).
  1870 | D:3      | 1870 ||| Stepping randomly (stuck).
  1871 | D:3      | 1871 ||| Stepping randomly (stuck).
  1872 | D:3      | 1872 ||| Stepping randomly (stuck).
  1873 | D:3      | 1873 ||| Stepping randomly (stuck).
  1874 | D:3      | 1874 ||| Stepping randomly (stuck).
  1875 | D:3      | 1875 ||| Stepping randomly (stuck).
  1876 | D:3      | 1876 ||| Stepping randomly (stuck).
  1877 | D:3      | 1877 ||| Stepping randomly (stuck).
  1878 | D:3      | 1878 ||| Stepping randomly (stuck).
  1879 | D:3      | 1879 ||| Stepping randomly (stuck).
  1880 | D:3      | 1880 ||| Stepping randomly (stuck).
  1881 | D:3      | 1881 ||| Stepping randomly (stuck).
  1882 | D:3      | 1882 ||| Stepping randomly (stuck).
  1883 | D:3      | 1883 ||| Stepping randomly (stuck).
  1884 | D:3      | 1884 ||| Stepping randomly (stuck).
  1885 | D:3      | 1885 ||| Stepping randomly (stuck).
  1886 | D:3      | 1886 ||| Stepping randomly (stuck).
  1887 | D:3      | 1887 ||| Stepping randomly (stuck).
  1888 | D:3      | 1888 ||| Stepping randomly (stuck).
  1889 | D:3      | 1889 ||| Stepping randomly (stuck).
  1890 | D:3      | 1890 ||| Stepping randomly (stuck).
  1891 | D:3      | 1891 ||| Stepping randomly (stuck).
  1892 | D:3      | 1892 ||| Stepping randomly (stuck).
  1893 | D:3      | 1893 ||| Stepping randomly (stuck).
  1894 | D:3      | 1894 ||| Stepping randomly (stuck).
  1895 | D:3      | 1895 ||| Stepping randomly (stuck).
  1896 | D:3      | 1896 ||| Stepping randomly (stuck).
  1897 | D:3      | 1897 ||| Stepping randomly (stuck).
  1898 | D:3      | 1898 ||| Stepping randomly (stuck).
  1899 | D:3      | 1899 ||| Stepping randomly (stuck).
  1900 | D:3      | 1900 ||| Stepping randomly (stuck).
  1901 | D:3      | 1901 ||| Stepping randomly (stuck).
  1902 | D:3      | 1902 ||| Stepping randomly (stuck).
  1903 | D:3      | 1903 ||| Stepping randomly (stuck).
  1904 | D:3      | 1904 ||| Stepping randomly (stuck).
  1905 | D:3      | 1905 ||| Stepping randomly (stuck).
  1906 | D:3      | 1906 ||| Stepping randomly (stuck).
  1907 | D:3      | 1907 ||| Stepping randomly (stuck).
  1908 | D:3      | 1908 ||| Stepping randomly (stuck).
  1909 | D:3      | 1909 ||| Stepping randomly (stuck).
  1910 | D:3      | 1910 ||| Stepping randomly (stuck).
  1911 | D:3      | 1911 ||| Stepping randomly (stuck).
  1912 | D:3      | 1912 ||| Stepping randomly (stuck).
  1913 | D:3      | 1913 ||| Stepping randomly (stuck).
  1914 | D:3      | 1914 ||| Stepping randomly (stuck).
  1915 | D:3      | 1915 ||| Stepping randomly (stuck).
  1916 | D:3      | 1916 ||| Stepping randomly (stuck).
  1917 | D:3      | 1917 ||| Stepping randomly (stuck).
  1918 | D:3      | 1918 ||| Stepping randomly (stuck).
  1919 | D:3      | 1919 ||| Stepping randomly (stuck).
  1920 | D:3      | 1920 ||| Stepping randomly (stuck).
  1921 | D:3      | 1921 ||| Stepping randomly (stuck).
  1922 | D:3      | 1922 ||| Stepping randomly (stuck).
  1923 | D:3      | 1923 ||| Stepping randomly (stuck).
  1924 | D:3      | 1924 ||| Stepping randomly (stuck).
  1925 | D:3      | 1925 ||| Stepping randomly (stuck).
  1926 | D:3      | 1926 ||| Stepping randomly (stuck).
  1927 | D:3      | 1927 ||| Stepping randomly (stuck).
  1928 | D:3      | 1928 ||| Stepping randomly (stuck).
  1929 | D:3      | 1929 ||| Stepping randomly (stuck).
  1930 | D:3      | 1930 ||| Stepping randomly (stuck).
  1931 | D:3      | 1931 ||| Stepping randomly (stuck).
  1932 | D:3      | 1932 ||| Stepping randomly (stuck).
  1933 | D:3      | 1933 ||| Stepping randomly (stuck).
  1934 | D:3      | 1934 ||| Stepping randomly (stuck).
  1935 | D:3      | 1935 ||| Stepping randomly (stuck).
  1936 | D:3      | 1936 ||| Stepping randomly (stuck).
  1937 | D:3      | 1937 ||| Stepping randomly (stuck).
  1938 | D:3      | 1938 ||| Stepping randomly (stuck).
  1939 | D:3      | 1939 ||| Stepping randomly (stuck).
  1940 | D:3      | 1940 ||| Stepping randomly (stuck).
  1941 | D:3      | 1941 ||| Stepping randomly (stuck).
  1942 | D:3      | 1942 ||| Stepping randomly (stuck).
  1943 | D:3      | 1943 ||| Stepping randomly (stuck).
  1944 | D:3      | 1944 ||| Stepping randomly (stuck).
  1945 | D:3      | 1945 ||| Stepping randomly (stuck).
  1946 | D:3      | 1946 ||| Stepping randomly (stuck).
  1947 | D:3      | 1947 ||| Stepping randomly (stuck).
  1948 | D:3      | 1948 ||| Stepping randomly (stuck).
  1949 | D:3      | 1949 ||| Stepping randomly (stuck).
  1950 | D:3      | 1950 ||| Stepping randomly (stuck).
  1951 | D:3      | 1951 ||| Stepping randomly (stuck).
  1952 | D:3      | 1952 ||| Stepping randomly (stuck).
  1953 | D:3      | 1953 ||| Stepping randomly (stuck).
  1954 | D:3      | 1954 ||| Stepping randomly (stuck).
  1955 | D:3      | 1955 ||| Stepping randomly (stuck).
  1956 | D:3      | 1956 ||| Stepping randomly (stuck).
  1957 | D:3      | 1957 ||| Stepping randomly (stuck).
  1958 | D:3      | 1958 ||| Stepping randomly (stuck).
  1959 | D:3      | 1959 ||| Stepping randomly (stuck).
  1960 | D:3      | 1960 ||| Stepping randomly (stuck).
  1961 | D:3      | 1961 ||| Stepping randomly (stuck).
  1962 | D:3      | 1962 ||| Stepping randomly (stuck).
  1963 | D:3      | 1963 ||| Stepping randomly (stuck).
  1964 | D:3      | 1964 ||| Stepping randomly (stuck).
  1965 | D:3      | 1965 ||| Stepping randomly (stuck).
  1966 | D:3      | 1966 ||| Stepping randomly (stuck).
  1967 | D:3      | 1967 ||| Stepping randomly (stuck).
  1968 | D:3      | 1968 ||| Stepping randomly (stuck).
  1969 | D:3      | 1969 ||| Stepping randomly (stuck).
  1970 | D:3      | 1970 ||| Stepping randomly (stuck).
  1971 | D:3      | 1971 ||| Stepping randomly (stuck).
  1972 | D:3      | 1972 ||| Stepping randomly (stuck).
  1973 | D:3      | 1973 ||| Stepping randomly (stuck).
  1974 | D:3      | 1974 ||| Stepping randomly (stuck).
  1975 | D:3      | 1975 ||| Stepping randomly (stuck).
  1976 | D:3      | 1976 ||| Stepping randomly (stuck).
  1977 | D:3      | 1977 ||| Stepping randomly (stuck).
  1978 | D:3      | 1978 ||| Stepping randomly (stuck).
  1979 | D:3      | 1979 ||| Stepping randomly (stuck).
  1980 | D:3      | 1980 ||| Stepping randomly (stuck).
  1980 | D:3      | 1980 ||| RIP SEWER
  1981 | D:3      | 1981 ||| PLANNING D:1-11
  2029 | D:3      | 2029 ||| Stepping ~*~*~tactically~*~*~ (stealth).
  2039 | D:3      | 2039 ||| Stepping ~*~*~tactically~*~*~ (stealth).
  2041 | D:3      | 2041 ||| Stepping ~*~*~tactically~*~*~ (stealth).
  2054 | D:3      | Reached skill level 5 in Axes
  2085 | D:3      | 2085 ||| Stepping ~*~*~tactically~*~*~ (stealth).
  2172 | D:3      | 2172 ||| DROPPING +0 mace.
  2272 | D:3      | 2272 ||| Stepping ~*~*~tactically~*~*~ (hiding).
  2438 | D:3      | 2438 ||| Stepping ~*~*~tactically~*~*~ (stealth).
  2448 | D:3      | Noticed Ijyb
  2464 | D:3      | Killed Ijyb
  2465 | D:3      | Reached XP level 6. HP: 30/38 MP: 6/6
  2776 | D:3      | 2776 ||| DRINKING 2 lumpy orange potions.
  3087 | D:4      | Noticed a steam dragon
  3100 | D:4      | Killed a steam dragon
  3101 | D:4      | Reached skill level 6 in Axes
  3259 | D:4      | Reached skill level 1 in Dodging
  3259 | D:4      | Reached XP level 7. HP: 40/43 MP: 7/7
  3510 | D:4      | 3510 ||| Stepping ~*~*~tactically~*~*~ (hiding).
  3686 | D:4      | 3686 ||| UPGRADING to +0 plate armour.
  3696 | D:4      | 3696 ||| DROPPING +0 chain mail.
  3697 | D:4      | 3697 ||| READING scroll labelled XOUT XOOFO.
  3808 | D:5      | Entered Level 5 of the Dungeon
  3839 | D:5      | 3839 ||| Stepping ~*~*~tactically~*~*~ (hiding).
  3918 | D:5      | Noticed Grinder
  3935 | D:5      | 3935 ||| Stepping ~*~*~tactically~*~*~ (hiding).
  3936 | D:5      | 3936 ||| STAIRDANCE
  4002 | D:4      | 4002 ||| READING 2 scrolls labelled GUZXAA YSTOASTYNG.
  4003 | D:4      | 4003 ||| DROPPING scroll of blinking.
  4014 | D:5      | Paralysed by Grinder for 4 turns
  4029 | D:5      | Paralysed by Grinder for 4 turns
  4043 | D:5      | Killed Grinder
  4044 | D:5      | Reached skill level 7 in Axes
  4070 | D:5      | Reached XP level 8. HP: 48/48 MP: 8/8
  4347 | D:5      | 4347 ||| Stepping ~*~*~tactically~*~*~ (stealth).
  4354 | D:5      | 4354 ||| Stepping ~*~*~tactically~*~*~ (hiding).
  4355 | D:5      | 4355 ||| Stepping ~*~*~tactically~*~*~ (hiding).
  4420 | D:5      | 4420 ||| Stepping ~*~*~tactically~*~*~ (hiding).
  4752 | D:5      | 4752 ||| DROPPING +2 helmet.
  4753 | D:5      | 4753 ||| UPGRADING to amulet of the acrobat.
  4758 | D:5      | 4758 ||| READING scroll labelled BOSEISTYNAI.
  4759 | D:5      | 4759 ||| READING scroll labelled JAZASO PAPTIU.
  4760 | D:5      | 4760 ||| DRINKING 2 bubbling silvery potions.
  4961 | D:6      | Reached skill level 8 in Axes
  5121 | D:6      | 5121 ||| Stepping ~*~*~tactically~*~*~ (cloud).
  5122 | D:6      | 5122 ||| Stepping ~*~*~tactically~*~*~ (cloud).
  5123 | D:6      | 5123 ||| Stepping ~*~*~tactically~*~*~ (cloud).
  5124 | D:6      | 5124 ||| Stepping ~*~*~tactically~*~*~ (hiding).
  5131 | D:6      | Noticed Maggie
  5136 | D:6      | Killed from afar by Maggie

Levels and vault maps discovered:
D:1:      lemuel_arrival_lava_pool, layout_basic
D:2:      layout_rooms
D:3:      corexii_shack_village, layout_loops_cross, gup_sewer_entry_bubbles,
          due_unseen_surprise, uniq_ijyb, uniq_robin
D:4:      layout_basic, kennysheep_generic_room_6
D:5:      layout_loops_cross, uniq_grinder
D:6:      layout_loops_ring, minmay_temple_entry_offerings,
          kb_lookout_dungeons_type, kennysheep_big_empty_room, uniq_maggie

Skill      XL: |  1  2  3  4  5  6  7  8 |
---------------+-------------------------+-----
Axes           | 2 3 4 5 6 7 8 |  8.2
Fighting       | 4 5 |  5.6
Dodging        | 1 |  1.3
Armour         | 4 |  4.0
Throwing       | |  0.8
Shields        | |  3.2

Action                     |  1- 3 |  4- 6 |  7- 9 || total
---------------------------+-------+-------+-------++-------
  Melee: War axe           |   113 |   242 |   141 ||   496
  Throw: Boomerang         |       |    15 |       ||    15
    Use: Scroll            |     2 |     6 |     4 ||    12
         Potion            |       |     2 |     1 ||     3
 Armour: Scale mail        |    52 |    54 |       ||   106
         Chain mail        |       |    89 |    17 ||   106
         Plate armour      |       |       |    84 ||    84
  Dodge: Dodged            |    43 |    86 |    40 ||   169
  Block: Buckler           |    23 |    50 |    21 ||    94

Table legend:
 A = Non-vault XP
 B = Vault XP
 C = Vault XP percentage of total XP
 D = Non-vault monster count
 E = Vault monster count
 F = Vault count percentage of total count
                 A         B        C        D         E       F
            +---------+---------+-------+---------+---------+-------
      Total |    1410 |     486 |  25.6 |      85 |      34 |  28.6
            +---------+---------+-------+---------+---------+-------
        D:1 |      28 |       0 |   0.0 |      17 |       0 |   0.0
        D:2 |      66 |       0 |   0.0 |      15 |       0 |   0.0
        D:3 |     125 |     126 |  50.2 |      24 |      32 |  57.1
        D:4 |     365 |      83 |  18.5 |      13 |       1 |   7.1
        D:5 |     536 |     277 |  34.1 |      11 |       1 |   8.3
        D:6 |     290 |       0 |   0.0 |       5 |       0 |   0.0
            +---------+---------+-------+---------+---------+-------
